cohdb
Replays
Latest Replays
All Replays
Popular Replays
Top Player Replays
Match Explorer
How It Works
Community
CoH3 Stats
Reddit
Sign in to upload your games and track your stats! →
Sign in with Steam
Match 42539334
Unlisted
Match 42539334
Overview
Messages
Build Orders
End
Construct Infanterie Kompanie
Grenadier Squad
Grenadier Squad
Grenadier Squad
GrW 34 Mortar Team
Construct Panzergrenadier Kompanie
Selects Breakthrough Battlegroup
Selects Assault Grenadiers
Selects Breakthrough
Panzergrenadier Squad
Pak 40 Anti-tank Gun Team
Selects Incendiary Bombing Run
Support Elements
Dragoness
twitch.tv/luck22ai
SlugxTBR
Grottenolm
Onoyk
Scrapadactyl
0
0
Comments
sign in to comment!
No comments posted yet!